 Dungeon Crawl Stone Soup version 0.31-a0-267-g3fc6992b3b (webtiles) character file.

Game seed: 11557983708149120580

55 qw the Shooter (level 3, -3/29 HPs)
             Began as a Minotaur Hexslinger on July 14, 2023.
             Slain by Natasha (6 damage)
             ... on level 2 of the Dungeon.
             The game lasted 00:00:26 (664 turns).

qw the Shooter (Minotaur Hexslinger)                 Turns: 664, Time: 00:00:27

Health: -3/29      AC:  5    Str: 12    XL:     3   Next: 67%
Magic:  3/3        EV: 11    Int: 10    God:
Gold:   102        SH:  0    Dex: 14    Spells: 3/4 levels left

rFire   . . .        Y - +0 sling (drain)
rCold   . . .        (no shield)
rNeg    . . .        h - +0 ring mail
rPois   .            (helmet restricted)
rElec   .            (no cloak)
rCorr   .            (no gloves)
SInv    .            (no boots)
Will    .....        (no amulet)
Stlth   +            (no ring)
HPRegen 0.24/turn    (no ring)
MPRegen 0.08/turn

%: no passive effects
@: slowed, very slow
A: horns 2, retaliatory headbutt
a: no special abilities


You were on level 2 of the Dungeon.
You visited 1 branch of the dungeon, and saw 2 of its levels.

You collected 102 gold pieces.


Innate Abilities, Weirdness & Mutations

You have a pair of horns on your head.
You reflexively headbutt those who attack you in melee.


   Skills:
 - Level 2.0 Fighting
 + Level 4.0 Ranged Weapons
 - Level 1.0 Armour
 - Level 2.1 Dodging
 - Level 1.0 Spellcasting
 - Level 2.0 Hexes


You had 3 spell levels left.
You knew the following spells:

 Your Spells              Type           Power      Damage    Failure   Level
a - Slow                  Hex            16%        N/A       34%         1

Your spell library contained the following spells:

 Spells                   Type           Power      Damage    Failure   Level
 Inner Flame              Hex/Fire       2%         N/A       83%         3
 Portal Projectile        Hex/Tloc       4%         N/A       83%         3
 Cause Fear               Hex            2%         N/A       98%         4

Inventory:

Hand Weapons
 a - a +1 sling
 Y - a +0 sling of draining (weapon)
Armour
 h - a +0 ring mail (worn)
Scrolls
 b - a scroll of enchant weapon {unknown}
Potions
 f - a potion of might {unknown}

Dungeon Overview and Level Annotations

Branches:
Dungeon (2/15)

Altars:

Annotations:
D:2 Natasha


Message History

Natasha claws you.
The endoplasm hits you but does no damage.
Natasha barely misses you. The endoplasm closely misses you.
You furiously retaliate!
You headbutt the endoplasm!
You kill the endoplasm!
You shoot a sling bullet.
The sling bullet hits Natasha but does no damage.
Natasha is heavily wounded.
Natasha extends her claws.
Natasha claws you but does no damage. Natasha claws you.
You shoot a sling bullet. The sling bullet barely misses Natasha.
Natasha claws you but does no damage. Natasha claws you.
You shoot a sling bullet. The sling bullet hits Natasha.
Natasha is severely wounded.
Natasha barely misses you. x2
You shoot a sling bullet. The sling bullet barely misses Natasha.
Natasha barely misses you. The kobold barely misses you.
You furiously retaliate!
You headbutt the kobold.
You kill the kobold!
Natasha closely misses you.
You shoot a sling bullet.
The sling bullet closely misses Natasha.
Natasha mumbles some strange words.
Natasha's front paws start to glow.
Natasha claws you but does no damage. Natasha casts a spell at you.
You resist with some effort.
You shoot a sling bullet.
The sling bullet closely misses Natasha.
Natasha claws you. Natasha claws you but does no damage.
You shoot a sling bullet. The sling bullet misses Natasha.
Natasha claws you but does no damage. Natasha claws you.
You shoot a sling bullet.
The sling bullet closely misses Natasha.
Natasha seems less drained.
Natasha barely misses you.
Natasha casts a spell.
You shoot a sling bullet.
The sling bullet closely misses Natasha.
Natasha claws you! Natasha claws you.
You die...

#.# #.# #... #.#
###.... .. #.#
....... #.# #.#
.##... ...
####.##.##... ###.#
####<##......#..
....#
...%#)%.....###)#...#
####.##.##.## #@#..#
####...## ##h..#
#|##.## ##)#%#.#
#.###.###.5.## #.#
#..#.#h#5# #.#
#...#...#h# #.#
#....###..S#
#.###....###.....
#............<..?.


You could see Natasha.

Vanquished Creatures
  A worm (D:2)
  3 dart slugs (D:1)
  4 endoplasms
  2 giant cockroaches (D:1)
  7 goblins (D:1)
  6 hobgoblins (D:1)
  2 quokkas (D:1)
  6 ball pythons
  5 bats
  4 kobolds
40 creatures vanquished.

Notes
Turn   | Place    | Note
-------+----------+-------------------------------------------
     0 | D:1      | qw the Minotaur Hexslinger began the quest for the Orb.
     0 | D:1      | Reached XP level 1. HP: 16/16 MP: 1/1
     0 | D:1      | 0 ||| qw: Version: 0.3-a-52-g30416fa
     0 | D:1      | 0 ||| qw: Game counter: 7801
     0 | D:1      | 0 ||| qw: Melee chars always use a shield: true
     0 | D:1      | 0 ||| qw: God list: Okawaru
     0 | D:1      | 0 ||| qw: Allow faded altars: false
     0 | D:1      | 0 ||| qw: Do Orc after clearing Dungeon:15 true
     0 | D:1      | 0 ||| qw: Do second Lair branch before Depths: true
     0 | D:1      | 0 ||| qw: Lair rune preference: random
     0 | D:1      | 0 ||| qw: Goals: Normal
     0 | D:1      | 0 ||| PLANNING D:1-11
   126 | D:1      | Reached skill level 3 in Ranged Weapons
   126 | D:1      | Reached XP level 2. HP: 23/23 MP: 2/2
   175 | D:1      | 175 ||| SWAPPING to +0 sling of draining.
   263 | D:1      | Reached XP level 3. HP: 29/29 MP: 3/3
   497 | D:1      | Reached skill level 4 in Ranged Weapons
   570 | D:1      | 570 ||| UPGRADING to +0 ring mail.
   580 | D:1      | 580 ||| DROPPING +0 robe.
   581 | D:1      | 581 ||| READING 3 scrolls labelled ZIWIT JACUMOWK.
   582 | D:1      | 582 ||| DRINKING 2 sapphire potions.
   583 | D:1      | 583 ||| DROPPING scroll of poison.
   584 | D:1      | 584 ||| DROPPING potion of magic.
   585 | D:1      | 585 ||| DROPPING 2 scrolls of immolation.
   607 | D:2      | Reached skill level 1 in Armour
   642 | D:2      | Noticed Natasha
   644 | D:2      | 644 ||| Stepping ~*~*~tactically~*~*~ (outnumbered).
   648 | D:2      | 648 ||| Stepping ~*~*~tactically~*~*~ (outnumbered).
   650 | D:2      | 650 ||| Stepping ~*~*~tactically~*~*~ (outnumbered).
   664 | D:2      | HP: 3/29 [Natasha (8)]
   664 | D:2      | Slain by Natasha

Levels and vault maps discovered:
D:1:      dpeg_arrival_three_bigger_balls, layout_basic, minmay_distorted
D:2:      layout_loops_ring, uniq_natasha

Skill      XL: |  1  2  3 |
---------------+----------+-----
Ranged Weapons | 3 4 |  4.0
Fighting       | 2 |  2.0
Armour         | 1 |  1.0
Dodging        | |  2.1
Spellcasting   | |  1.0
Hexes          | |  2.0

Action                     || total
---------------------------++-------
   Fire: Sling             ||   105
    Use: Scroll            ||     1
         Potion            ||     1
 Armour: Robe              ||     1
         Ring mail         ||    13
  Dodge: Dodged            ||    25

Table legend:
 A = Non-vault XP
 B = Vault XP
 C = Vault XP percentage of total XP
 D = Non-vault monster count
 E = Vault monster count
 F = Vault count percentage of total count
                 A         B        C        D         E       F
            +---------+---------+-------+---------+---------+-------
      Total |      75 |       4 |   5.1 |      38 |       2 |   5.0
            +---------+---------+-------+---------+---------+-------
        D:1 |      58 |       4 |   6.5 |      30 |       2 |   6.2
        D:2 |      17 |       0 |   0.0 |       8 |       0 |   0.0
            +---------+---------+-------+---------+---------+-------
